 Dungeon Crawl Stone Soup version 0.23-a0-586-gacb4b3f (webtiles) character file.

101 galech the Skirmisher (level 4, -1/35 HPs)
             Began as a Demonspawn Fighter on Dec 18, 2018.
             Slain by a worm (9 damage)
             ... on level 2 of the Dungeon.
             The game lasted 00:01:58 (1376 turns).

galech the Skirmisher (Demonspawn Fighter)          Turns: 1376, Time: 00:01:59

Health: -1/35      AC:  7    Str: 16    XL:     4   Next: 48%
Magic:  4/4        EV:  7    Int:  9    God:
Gold:   71         SH:  9    Dex: 14    Spells: 3/3 levels left

rFire    + . .     SeeInvis .   a - +0 war axe
rCold    + . .     Gourm    .   c - +0 shield
rNeg     . . .     Faith    .   b - +0 scale mail
rPois    .         Spirit   .   (no helmet)
rElec    .         Reflect  .   (no cloak)
rCorr    .         Harm     .   n - +0 pair of gloves
MR       .....                  (no boots)
Stlth    ..........             (no amulet)
HPRegen  0.11/turn              e - ring of flight
MPRegen  0.09/turn              i - ring of protection from cold

@: drained
A: fire resistance 1, sturdy frame 1
a: Evoke Flight


You were on level 2 of the Dungeon.
You were not hungry.

You visited 1 branch of the dungeon, and saw 2 of its levels.

You collected 71 gold pieces.

Inventory:

Hand Weapons
 a - a +0 war axe (weapon)
Armour
 b - a +0 scale mail (worn)
 c - a +0 shield (worn)
 n - a +0 pair of gloves (worn)
Jewellery
 e - a ring of flight (left hand)
 i - a ring of protection from cold (right hand)
Scrolls
 h - 3 scrolls of identify {unknown}
 m - a scroll of enchant weapon {unknown}
 o - a scroll of remove curse {unknown}
 q - a scroll of teleportation {unknown}
Potions
 d - a potion of might
 j - a potion of lignification {unknown}
 k - a potion of brilliance {unknown}
 l - a potion of haste {unknown}
 p - a potion of heal wounds {unknown}
Comestibles
 f - 4 rations


   Skills:
 + Level 3.4(3.1) Fighting
 + Level 2.7(2.4) Axes
 + Level 3.2(2.9) Armour
 + Level 0.7(0.4) Dodging
 + Level 3.3(3.0) Shields


You had 3 spell levels left.
You didn't know any spells.
Your spell library was empty.

Dungeon Overview and Level Annotations

Branches:
Dungeon (2/15)

Altars:
Trog
Xom


Innate Abilities, Weirdness & Mutations

Your flesh is heat resistant. (rF+)
Your movements are slightly less encumbered by armour. (ER -2)


Message History

You hit the rat.
The rat is moderately wounded.
The rat bites you.
* * * LOW HITPOINT WARNING * * *
Your shield prevents you from hitting the rat.
The rat is moderately wounded.
The rat bites you but does no damage.
You hit the rat.
You kill the rat!
The worm looks more energetic.
Your shield and scale mail prevent you from hitting the worm.
The worm bites you.
* * * LOW HITPOINT WARNING * * *
You hit the worm.
The worm is moderately wounded.
You block the worm's attack.
You hit the worm but do no damage.
The worm is lightly wounded.
The worm bites you!
You die...

..........##.........##
#..<.....
..##.######....###....#
#. #.####
.(........#..†##y##...#
#.##.#
.###.######....###....#
#....# # ..##.#
#...†.......# ####.####
#.##.# ##.........##
#..... #.##.#
##.......## #.####
#.##.# ####w#### #.# #
#.##.# #@# #.# # #.##.#
#.# #.# # #.#.(# ##.#
#.# # #.#.## #..# #.# #
#.#.# #.## #.# # #.#.#
#.# #.# ..#.# #.# #.#
#...#
#####.############.####
#...#
#..........[...........


You could see a moth of wrath and a worm.

Vanquished Creatures
  4 adders (D:2)
  2 worms (D:2)
  2 dart slugs (D:1)
  3 leopard geckos (D:2)
  7 bats
  2 giant cockroaches (D:1)
  6 goblins
  4 hobgoblins
  4 frilled lizards (D:2)
  7 kobolds
  15 rats
56 creatures vanquished.

Notes
Turn   | Place    | Note
-------+----------+-------------------------------------------
     0 | D:1      | galech the Demonspawn Fighter began the quest for the Orb.
     0 | D:1      | Reached XP level 1. HP: 18/18 MP: 1/1
    71 | D:1      | Gained mutation: Your flesh is heat resistant. (rF+)
                  | [demonic ancestry]
    71 | D:1      | Reached XP level 2. HP: 24/24 MP: 2/2
   315 | D:1      | Gained mutation: Your movements are slightly less
                  | encumbered by armour. (ER -2) [demonic ancestry]
   315 | D:1      | Reached XP level 3. HP: 29/29 MP: 3/3
   719 | D:2      | Found a shimmering altar of Xom.
   846 | D:2      | Reached XP level 4. HP: 33/35 MP: 4/4
  1341 | D:2      | Noticed a moth of wrath
  1346 | D:2      | Found a bloodstained altar of Trog.
  1376 | D:2      | Slain by a worm

Vault maps used:
D:1:      lemuel_arrival_lava_pool, minmay_rat_gold_closets
D:2:      overflow_temple_1_default, tgw_trog, corexii_hall_statues_deadend,
          chequers_serial_rivers_large_b

Skill      XL: |  1  2  3 |
---------------+----------+-----
Axes           | 2 |  2.7
Armour         | 3 |  3.2
Shields        | 3 |  3.3
Fighting       | |  3.4
Dodging        | |  0.7

Action                   |  1- 3 |  4- 6 || total
-------------------------+-------+-------++-------
Melee: War axe           |   122 |    70 ||   192
  Use: Potion            |     1 |       ||     1
  Eat: Chunk             |       |     2 ||     2
Armor: Scale mail        |    45 |    37 ||    82
Dodge: Dodged            |    43 |    23 ||    66
Block: Shield            |    57 |    45 ||   102

Table legend:
 A = Non-vault XP
 B = Vault XP
 C = Vault XP percentage of total XP
 D = Non-vault monster count
 E = Vault monster count
 F = Vault count percentage of total count
                 A         B        C        D         E       F
            +---------+---------+-------+---------+---------+-------
      Total |     128 |      17 |  11.7 |      43 |      13 |  23.2
            +---------+---------+-------+---------+---------+-------
        D:1 |      36 |       9 |  20.0 |      18 |       9 |  33.3
        D:2 |      92 |       8 |   8.0 |      25 |       4 |  13.8
            +---------+---------+-------+---------+---------+-------
